 Dungeon Crawl Stone Soup version 0.25-a0-992-gca090100c3 (webtiles) character file.

Game seed: 16645619547711392140, levelgen mode: deterministic

178 Flugslaktarn the Chopper (level 5, -6/47 HPs)
             Began as a Minotaur Fighter on May 10, 2020.
             Killed by divine providence
             ... invoked by an orc priest
              (11 damage)
             ... on level 4 of the Dungeon.
             The game lasted 00:00:31 (1422 turns).

Flugslaktarn the Chopper (Minotaur Fighter)         Turns: 1422, Time: 00:00:31

Health: -6/47      AC:  7    Str: 20    XL:     5   Next: 32%
Magic:  4/4        EV:  7    Int:  5    God:
Gold:   21         SH:  9    Dex: 11    Spells: 4/4 levels left

rFire    . . .     SeeInvis .   a - +0 war axe
rCold    . . .     Gourm    .   c - +0 kite shield
rNeg     . . .     Faith    .   b - +0 scale mail
rPois    .         Spirit   .   (helmet restricted)
rElec    .         Reflect  .   (no cloak)
rCorr    .         Harm     .   (no gloves)
MR       .....                  (no boots)
Stlth    ..........             (no amulet)
HPRegen  0.15/turn              (no ring)
MPRegen  0.09/turn              (no ring)

@: no status effects
A: retaliatory headbutt, horns 2
a: no special abilities


You were on level 4 of the Dungeon.
You were hungry.

You visited 1 branch of the dungeon, and saw 4 of its levels.

You collected 21 gold pieces.

Inventory:

Hand Weapons
 a - a +0 war axe (weapon)
Armour
 b - a +0 scale mail (worn)
 c - a +0 kite shield (worn)
Scrolls
 g - a scroll of identify {unknown}
 h - a scroll of teleportation {unknown}
 j - a scroll of noise {unknown}
Potions
 d - a potion of might
 f - 2 potions of haste {unknown}
 i - a potion of berserk rage {unknown}
Comestibles
 e - 3 rations


   Skills:
 + Level 4.5 Fighting
 * Level 4.6 Axes
 + Level 4.5 Armour
 + Level 4.6 Shields


You had 4 spell levels left.
You didn't know any spells.
Your spell library was empty.

Dungeon Overview and Level Annotations

Branches:
Dungeon (4/15)
 Temple: D:4-7

Altars:
Elyvilon


Innate Abilities, Weirdness & Mutations

You reflexively headbutt those who attack you in melee.
You have a pair of horns on your head.


Message History

You are too injured to fight recklessly!
You are too injured to fight recklessly!
You are too injured to fight recklessly!
You are too injured to fight recklessly!
You are too injured to fight recklessly!
You are too injured to fight recklessly!
Your shield and scale mail prevent you from hitting the orc priest.
The orc priest is severely wounded.
The orc priest invokes the aid of Beogh against you.
Pain shoots through your body!
* * * LOW HITPOINT WARNING * * *
You completely miss the orc priest.
The orc priest is severely wounded.
The orc priest hits you but does no damage.
The orc priest barely misses you.
You closely miss the orc priest.
The orc priest is severely wounded.
The orc priest mumbles some strange prayers to Beogh against you.
Beogh smites you!
You die...

+.. .. #######.. ....
.... ..# )... #..# #.#
.... #..# #.# ...
#..###.# #
#+#.#######...<#.#.#.###
+.:[............@o......
#.#....).......).#.#.###
# ##.#######.#+### # #
##.## #...
#.##..######.....
...............?..
#.###.######...... #
#.#............. #
#.#..######


You could see an orc priest.

Vanquished Creatures
  A centaur skeleton (D:4)
  2 orc priests (D:4)
  A worker ant (D:4)
  2 adders
  3 worms
  A leopard gecko (D:3)
  8 orcs
  A giant cockroach (D:2)
  3 goblins
  3 hobgoblins
  2 bats
  3 frilled lizards
  A kobold (D:3)
  3 rats
34 creatures vanquished.

Notes
Turn   | Place    | Note
-------+----------+-------------------------------------------
     0 | D:1      | Flugslaktarn the Minotaur Fighter began the quest for the
                  | Orb.
     0 | D:1      | Reached XP level 1. HP: 19/19 MP: 0/0
   227 | D:2      | Reached XP level 2. HP: 27/27 MP: 1/1
   383 | D:3      | Reached XP level 3. HP: 14/33 MP: 2/2
   684 | D:3      | Found a white marble altar of Elyvilon.
   993 | D:4      | Reached XP level 4. HP: 2/40 MP: 3/3
  1411 | D:4      | Reached XP level 5. HP: 45/47 MP: 4/4
  1422 | D:4      | Killed from afar by an orc priest

Illustrated notes

Levels and vault maps discovered:
D:1:      ebering_trefoil_twist, layout_basic
D:2:      kb_forest_paths, layout_loops_ring, old_standard_altar, first_ration,
          uniq_jessica
D:3:      layout_loops_ring, nicolae_overflow_hidden_temple,
          overflow_temple_1_default, columned_hall_lemuel, kennysheep_donut
D:4:      layout_basic, solitary_fountain

Skill      XL: |  1  2  3 |
---------------+----------+-----
Axes           | 3 4 |  4.6
Armour         | 4 |  4.5
Fighting       | 4 |  4.5
Shields        | 4 |  4.6

Action                   |  1- 3 |  4- 6 || total
-------------------------+-------+-------++-------
Melee: War axe           |    79 |    29 ||   108
       Headbutt          |     8 |     2 ||    10
  Eat: Chunk             |       |     1 ||     1
Armor: Scale mail        |    33 |    18 ||    51
Dodge: Dodged            |    20 |    11 ||    31
Block: Kite shield       |    34 |    15 ||    49

Table legend:
 A = Non-vault XP
 B = Vault XP
 C = Vault XP percentage of total XP
 D = Non-vault monster count
 E = Vault monster count
 F = Vault count percentage of total count
                 A         B        C        D         E       F
            +---------+---------+-------+---------+---------+-------
      Total |     255 |       0 |   0.0 |      34 |       0 |   0.0
            +---------+---------+-------+---------+---------+-------
        D:1 |       4 |       0 |   0.0 |       3 |       0 |   0.0
        D:2 |      27 |       0 |   0.0 |       7 |       0 |   0.0
        D:3 |      27 |       0 |   0.0 |      12 |       0 |   0.0
        D:4 |     197 |       0 |   0.0 |      12 |       0 |   0.0
            +---------+---------+-------+---------+---------+-------
